 Dungeon Crawl Stone Soup version 0.18.1-5-g4a78601 (webtiles) character file.

2399 Chemotherapy the Grappler (level 9, -2/84 HPs)
             Began as a Troll Hunter on May 11, 2016.
             Was a High Priest of Jiyva.
             Slain by a wight
             ... wielding a +0 spear
              (7 damage)
             ... on level 8 of the Dungeon.
             The game lasted 00:17:25 (4219 turns).

Chemotherapy the Grappler (Troll Hunter)            Turns: 4219, Time: 00:17:26

Health: -2/84      AC:  9    Str: 21    XL:     9   Next: 23%
Magic:  8/8        EV: 10    Int:  8    God:    Jiyva [*****.]
Gold:   264        SH:  0    Dex: 13    Spells: 0 memorised, 8 levels left

rFire  . . .     SeeInvis .       - Unarmed
rCold  . . .     Gourm    +     h - +1 robe {Archmagi}
rNeg   + . .     Faith    .     (no shield)
rPois  .         Spirit   .     (helmet restricted)
rElec  .         Dismiss  .     y - +0 cloak
rCorr  +         Reflect  .     (gloves unavailable)
SustAt .         Harm     .     (boots unavailable)
MR     .....                    (no amulet)
Stlth  +.........               (no ring)
                                r - ring of positive energy {rN+}

@: drained, not resistant to hostile enchantments, very unstealthy
A: unfitting armour, claws 3, slimy green scales 1, fast metabolism 3, gourmand,
regeneration 2, shaggy fur 1, tough skin 2, tendrils
a: Request Jelly, Jelly Paralyse, Slimify, Cure Bad Mutation, Renounce Religion


You were on level 8 of the Dungeon.
You worshipped Jiyva.
Jiyva was extremely pleased with you.
You were full.

You visited 1 branch of the dungeon, and saw 9 of its levels.

You collected 264 gold pieces.

Inventory:

Missiles
 c - 4 large rocks {!d}
 d - 2 throwing nets (quivered) {=f, !d}
Armour
 b - a +0 robe
 h - a +1 robe of the Archmagi (worn)
   (You took it off Blork the orc on level 6 of the Dungeon)
 y - a +0 cloak (worn)
   (You took it off Crazy Yiuf on level 6 of the Dungeon)
Jewellery
 j - an uncursed ring of fire {rF+, rC-}
   (You found it on level 1 of the Dungeon)
 r - a ring of positive energy (left claw) {rN+}
   (You found it on level 2 of the Dungeon)
Wands
 e - a wand of polymorph (5/24)
   (You took it off Blork the orc on level 6 of the Dungeon)
 i - a wand of digging (15/24)
   (You found it on level 7 of the Dungeon)
 p - a wand of flame (22/48)
   (You took it off Eustachio on level 5 of the Dungeon)
 v - a wand of acid (0/15)
   (You found it on level 6 of the Dungeon)
 x - a wand of iceblast (6/15)
   (You found it on level 5 of the Dungeon)
Scrolls
 a - 3 scrolls of identify
 q - 3 scrolls of remove curse
Potions
 g - 3 potions of flight
Books
 s - a book of Callings
   (You found it on level 2 of the Dungeon)
 w - a book of Maledictions
   (You found it on level 5 of the Dungeon)
Miscellaneous
 u - a plain deck of changes {drawn: 1}
   (You found it on level 3 of the Dungeon)
Comestibles
 f - 6 bread rations {@e1}
 k - 3 meat rations {@e2}
 m - 10 beef jerkies
 z - a royal jelly


   Skills:
 + Level 3.7(2.7) Fighting
 + Level 5.1(4.1) Throwing
 + Level 3.4(2.5) Dodging
 - Level 0.4(0.0) Stealth
 * Level 10.2(9.1) Unarmed Combat


You had 8 spell levels left.
You didn't know any spells.

Dungeon Overview and Level Annotations

Branches:
Dungeon (9/15)             Temple (0/1) D:4
   Lair: D:8-11         Orc: D:9-12

Altars:
Dithmenos
Elyvilon
Gozag
Makhleb
Okawaru
Vehumet
Xom
Jiyva

Annotations:
D:4 exclusions: orc wizard and 3 more exclusions
D:5 neongrey's ghost, novice DsFE
D:7 dozzold's ghost, novice FoFi


Innate Abilities, Weirdness & Mutations

You are too large for most types of armour.
You have claws for hands.
Your metabolism is lightning-fast.
You like to eat raw meat.
You heal very quickly.
You are covered in fur (AC +1).
You have very tough skin (AC +2).
You are partially covered in slimy green scales (AC +2).
You are covered in slimy tendrils that may disarm your opponents.


Message History

You mangle the scorpion!!
You kill the scorpion!
d - 2 throwing nets {=f, !d} (gained 1)
You see here a scorpion corpse.
Unknown command.
You see here a scorpion corpse.
You start resting.
You hear the faint creaking of a very distant portcullis.
You regained 24 hp, and now have 64/84 hp.
There is a stone staircase leading up, spattered with blood here.
You found a teleport trap!
Found a stone staircase leading down.
There is a stone staircase leading up, spattered with blood here.
You climb upwards.
A giant gecko simulacrum comes into view.
The wight misses you. The wight closely misses you. x2
The wight hits you but does no damage.
Your tendrils lash around the wight's uncursed dire flail and pull it to the ground!
The wight hits you with a spear! The orc misses you.
The wight hits you but does no damage. The wight barely misses you.
The wight hits you but does no damage.
The wight hits you with an enchanted halberd.
You partially resist.
You feel drained.
An ice beast and an ufetubus come into view.
There is a stone staircase leading down here.
You see here an uncursed dire flail.
You take 9 damage, and have 58/84 hp.
The wight hits you with a spear. You partially resist.
You feel drained.
The orc hits you from afar with a trident.
The ice beast moves out of view.
The wight hits you but does no damage.
The wight hits you with an enchanted hand axe.
You partially resist.
You feel drained. The wight barely misses you.
You climb downwards.
You hear the roar of battle.
There is an entrance to a bailey on this level.
Hurry and find it before the portal closes forever!
There is a stone staircase leading up, spattered with blood here.
You take 18 damage, and have 40/84 hp.
MASSIVE DAMAGE!!
The wight hits you with an enchanted halberd!
The wight hits you with a spear. The wight hits you. You partially resist.
You feel drained. The wight barely misses you.
You climb upwards.
The polar bear growls angrily.
The hippogriff bites you.
* * * LOW HITPOINT WARNING * * *
The hippogriff pecks you but does no damage.
The hippogriff claws you but does no damage.
The orc barely misses you.
There is a stone staircase leading down, spattered with blood here.
You see here an uncursed dire flail.
You take 17 damage, and have 23/84 hp.
MASSIVE DAMAGE!!
A white imp comes into view.
The white imp moves out of view.
The hippogriff barely misses you. The hippogriff pecks you.
* * * LOW HITPOINT WARNING * * *
The hippogriff claws you but does no damage.
The wight hits you with a spear!
* * * LOW HITPOINT WARNING * * *
You partially resist.
You feel drained.
A wolf comes into view.
The wolf howls!
The wight hits you but does no damage.
You take 10 damage, and have 13/84 hp.
You scratch the ufetubus but do no damage.
The ufetubus hits you but does no damage.
The ufetubus hits you.
* * * LOW HITPOINT WARNING * * *
The hippogriff bites you but does no damage.
The hippogriff barely misses you.
The hippogriff claws you but does no damage.
The wight hits you with a spear.
* * * LOW HITPOINT WARNING * * *
You partially resist.
You feel drained.
The wight hits you from afar with an enchanted halberd.
* * * LOW HITPOINT WARNING * * *
You partially resist.
You feel drained. The orc closely misses you.
A crocodile comes into view.
You take 7 damage, and have 6/84 hp.
The wight picks up an uncursed dire flail.
The wight wields an uncursed dire flail.
The wight hits you but does no damage.
The ice beast hits you but does no damage.
The ufetubus hits you.
* * * LOW HITPOINT WARNING * * *
The ufetubus barely misses you.
You take 2 damage, and have 4/84 hp.
The polar bear closely misses you. The polar bear barely misses you.
The polar bear claws you but does no damage.
The wight hits you from afar with a spear!
You die...

...........#...
...............
..............#.
.............t...
.................
.................
.................
........?@h..#...
#....zH5h.>$...
#...zz.Y.......
#....>o<.#.....
.....#..#.....#..
..#...........# .
#.#....##...# ..
#.##.# .#... ##
.. #.. .#..##


You could see a polar bear, a hippogriff, a crocodile, an ice beast, a wolf, 3
wights, an orc and an ufetubus.

Vanquished Creatures
  Prince Ribbit (D:6)
  Grinder (D:4)
  Sigmund (D:6)
  4 yaks (D:7)
  Eustachio (D:5)
  A sky beast (D:7)
  2 ogres
  Blork the orc (D:6)
  2 scorpions (D:9)
  3 giant frog zombies (D:5)
  2 crimson imps
  A centaur zombie (D:5)
  Crazy Yiuf (D:6)
  5 hounds
  A centaur skeleton (D:5)
  3 giant frog skeletons
  5 orc wizards
  An iguana (D:6)
  A hound zombie (D:5)
  3 worker ant zombies
  A howler monkey zombie (D:5)
  2 gnolls (D:3)
  6 adders
  A shadow imp (D:7)
  An ooze (D:1)
  An adder zombie (D:5)
  A dart slug (D:1)
  4 giant geckos
  5 orcs
  3 bats (D:2)
  4 giant cockroaches
  5 goblins
  7 hobgoblins
  8 jackals (D:1)
  3 quokkas
  A ball python (D:1)
  A ball python skeleton (D:5)
  2 giant cockroach zombies (D:5)
  A giant gecko skeleton (D:5)
  2 giant gecko zombies (D:5)
  2 giant newts (D:2)
  5 kobolds
  2 quokka zombies (D:6)
  6 rats
114 creatures vanquished.

Vanquished Creatures (others)
  A phantom (D:4)
  A giant frog (D:6)
  A wyvern skeleton (D:6)
  2 crimson imps
  A centaur zombie (D:5)
  A hound (D:5)
  2 orc wizards
  23 jellies
  2 worker ant zombies (D:5)
  An adder (D:7)
  A shadow imp (D:6)
  A worm (D:2)
  A giant gecko (D:4)
  11 orcs
  2 quokkas (D:4)
  A giant newt (D:7)
52 creatures vanquished.

Grand Total: 166 creatures vanquished

Notes
Turn   | Place    | Note
--------------------------------------------------------------
     0 | D:1      | Chemotherapy the Troll Hunter began the quest for the Orb.
     0 | D:1      | Reached XP level 1. HP: 19/19 MP: 0/0
    13 | D:1      | Reached skill level 1 in Unarmed Combat
    42 | D:1      | Reached XP level 2. HP: 20/27 MP: 1/1
   107 | D:1      | Reached skill level 2 in Unarmed Combat
   253 | D:1      | Reached XP level 3. HP: 30/33 MP: 2/2
   512 | D:2      | Found a faded altar to an unknown god.
   517 | D:2      | Became a worshipper of Jiyva Jaag the Shapeless
   517 | D:2      | Reached * piety under Jiyva
   614 | D:2      | Reached skill level 3 in Unarmed Combat
  1087 | D:2      | Reached XP level 4. HP: 38/41 MP: 3/3
  1216 | D:3      | Reached skill level 4 in Unarmed Combat
  1455 | D:3      | Reached ** piety under Jiyva
  1588 | D:4      | Noticed Grinder
  1611 | D:4      | Killed Grinder
  1611 | D:4      | Reached skill level 6 in Unarmed Combat
  1611 | D:4      | Reached XP level 5. HP: 48/48 MP: 4/4
  1611 | D:4      | Reached XP level 6. HP: 55/55 MP: 5/5
  1730 | D:4      | Found a shadowy altar of Dithmenos.
  2132 | D:4      | Found a staircase to the Ecumenical Temple.
  2173 | D:5      | Entered Level 5 of the Dungeon
  2179 | D:5      | Noticed Eustachio
  2212 | D:5      | Killed Eustachio
  2212 | D:5      | Reached skill level 7 in Unarmed Combat
  2212 | D:5      | Reached XP level 7. HP: 43/62 MP: 6/6
  2311 | D:5      | Reached skill level 8 in Unarmed Combat
  2485 | D:5      | Found a white marble altar of Elyvilon.
  2485 | D:5      | Found an opulent altar of Gozag.
  2523 | D:5      | Noticed neongrey's ghost (novice DsFE)
  2674 | D:5      | Reached *** piety under Jiyva
  2674 | D:5      | Gained mutation: You are partially covered in slimy green scales (AC +2). [Jiyva's grace]
  2823 | D:6      | Noticed Sigmund
  2831 | D:6      | Killed Sigmund
  2831 | D:6      | Reached skill level 9 in Unarmed Combat
  2831 | D:6      | Reached XP level 8. HP: 72/72 MP: 7/7
  2840 | D:6      | Reached skill level 2 in Fighting
  3005 | D:6      | Reached skill level 2 in Dodging
  3038 | D:6      | Noticed Prince Ribbit
  3048 | D:6      | Killed Prince Ribbit
  3048 | D:6      | Reached skill level 4 in Throwing
  3083 | D:6      | Noticed Crazy Yiuf
  3089 | D:6      | Killed Crazy Yiuf
  3135 | D:6      | Reached **** piety under Jiyva
  3234 | D:6      | Noticed Blork the orc
  3303 | D:6      | Killed Blork the orc
  3346 | D:6      | Found a burning altar of Makhleb.
  3401 | D:6      | Found a burning altar of Makhleb.
  3453 | D:6      | Found a radiant altar of Vehumet.
  3475 | D:6      | Found a shimmering altar of Xom.
  3560 | D:6      | Found an iron altar of Okawaru.
  3788 | D:7      | Reached skill level 3 in Fighting
  3794 | D:7      | Reached skill level 3 in Dodging
  3802 | D:7      | Reached skill level 10 in Unarmed Combat
  3805 | D:7      | HP: 13/75 [yak (11)]
  3815 | D:7      | Reached XP level 9. HP: 17/83 MP: 8/8
  3830 | D:7      | Gained mutation: You are covered in slimy tendrils that may disarm your opponents. [Jiyva's grace]
  4013 | D:7      | Reached skill level 5 in Throwing
  4035 | D:7      | Reached ***** piety under Jiyva
  4113 | D:7      | Noticed dozzold's ghost (novice FoFi)
  4215 | D:8      | Noticed a polar bear
  4216 | D:8      | HP: 13/84 [wight/spear (9)]
  4217 | D:8      | HP: 6/84 [wight/enchanted halberd (4)]
  4219 | D:8      | Slain by a wight

Skill      XL: |  1  2  3  4  5  6  7  8  9 |
---------------+----------------------------+-----
Unarmed Combat | 1 2 3 6 7 9 10 | 10.2
Fighting       | 3 |  3.7
Dodging        | 3 |  3.4
Throwing       | 4 5 |  5.1
Stealth        | |  0.4

Action                   |  1- 3 |  4- 6 |  7- 9 || total
-------------------------+-------+-------+-------++-------
Melee: Short sword       |    24 |       |       ||    24
       Unarmed           |    81 |    84 |   173 ||   338
       Punch             |     1 |     1 |     4 ||     6
Throw: Large rock        |     2 |     1 |    11 ||    14
       Tomahawk          |       |       |    32 ||    32
       Throwing net      |       |       |     2 ||     2
Evoke: Wand              |       |       |     4 ||     4
       Deck              |       |       |     1 ||     1
  Use: Potion            |       |     3 |     1 ||     4
       Scroll            |       |       |     7 ||     7
 Stab: Sleeping          |     1 |       |       ||     1
       Held in net/web   |       |       |     2 ||     2
  Eat: Chunk             |    13 |    12 |     9 ||    34
Armor: Robe              |    51 |    23 |    66 ||   140
Dodge: Dodged            |    61 |    45 |   106 ||   212

Vault maps used:
D:1:      dpeg_arrival_simpleton_b
D:2:      ecumenical_altar_1, first_bread
D:3:      amalloy_card_club
D:4:      tgw_sif, lemuel_temple_firewalk_marked,
          nicolae_dithmenos_shadow_blocks, uniq_grinder
D:5:      amethyst_overflow_temple_binary, serial_undead, serial_undead_d,
          serial_undead_b, serial_undead_c, serial_undead_d, serial_undead_c,
          serial_undead_e, serial_undead_c, serial_undead_c, serial_undead_f,
          serial_undead_b, uniq_eustachio
D:6:      kennysheep_mini_moat, lemuel_doored_altar, okawaru_metal_pillars_3,
          basic_altar, makhleb_heckhound_becter, uniq_crazy_yiuf_cottage,
          uniq_sigmund, uniq_blork_the_orc, uniq_prince_ribbit1
D:7:      grunt_ogre_cave
D:8:      grunt_pakellas_sulfur, erik_lair_orcish_takeover, serial_ice,
          serial_ice_n, serial_ice_o, serial_ice_i, serial_ice_e, serial_ice_a,
          serial_ice_g, serial_ice_b
D:9:      minmay_flawed_box, lemuel_crystal_altar, enter_bailey_3, uniq_psyche

Table legend:
 A = Turns spent in this place as a percentage of turns spent in the entire game.
 B = Non-inter-level travel turns spent in this place as a percentage of non-inter-level travel turns spent in the entire game.
 C = Inter-level travel turns spent in this place as a percentage of turns spent in this place.
 D = Turns resting spent in this place as a percentage of non-inter-level travel turns spent in this place.
 E = Turns spent auto-exploring this place as a percentage of non-inter-level travel turns spent in this place.
 F = Non-inter-level travel turns spent in this place divided by the number of levels of this place that you've seen.
                   A       B       C       D       E      F
               +-------+-------+-------+-------+-------+----------------------
         Total | 100.0 | 100.0 |   0.6 |   1.6 |   9.9 | 139.2
       Dungeon | 100.0 | 100.0 |   0.6 |   1.6 |   9.9 | 139.2
               +-------+-------+-------+-------+-------+----------------------

Table legend:
 A = Kills in this place as a percentage of kills in entire the game.
 B = Kills by you in this place as a percentage of kills by you in the entire game.
 C = Kills by friends in this place as a percentage of kills by friends in the entire game.
 D = Other kills in this place as a percentage of other kills in the entire game.
 E = Experience gained in this place as a percentage of experience gained in the entire game.
 F = Experience gained in this place divided by the number of levels of this place that you have seen.
                   A       B       C       D       E      F
               +-------+-------+-------+-------+-------+----------------------
         Total | 100.0 | 100.0 |  -nan |  -nan | 100.0 | 380.9
       Dungeon | 100.0 | 100.0 |  -nan |  -nan | 100.0 | 380.9
               +-------+-------+-------+-------+-------+----------------------
